Map: Одиссея РВ

Players

ИИ 1 (эксперт)

  • Race: Protoss Protoss
  • Spawn Location: 5:00

Doll - Winner!

  • Race: Zerg Zerg
  • Spawn Location: 11:00

VOD

Have the link to the VOD?

Description

Time

  • Played on: Oct. 5, 2022, 1:40 p.m.
  • Length: 5:27
Show
View Real Time Build Order
Export as new Build Order

ИИ 1 (эксперт) Protoss 

Build Orders: 1 Gate Expand 

Get SALT Encoding   

  12  0:00  Probe  
  13  0:13  Probe  
  14  0:20  Pylon  
  14  0:25  Probe  
  15  0:34  Probe  
  15  0:42  Probe  
  17  0:50  Gateway  
  17  0:52  Probe  
  18  1:00  Probe  
  19  1:15  Probe  
  20  1:18  Nexus  
  20  1:27  Probe  
  21  1:37  Pylon  
  21  1:39  Zealot  
  23  1:44  Cybernetics Core  
  23  1:48  Assimilator  
  23  1:55  Probe  
  24  2:03  Probe  
  25  2:11  Probe  
  25  2:13  Warp Gate  
  26  2:20  Pylon  
  26  2:22  Probe  
  26  2:26  Probe  
  27  2:32  Gateway  
  27  2:34  Probe  
  27  2:36  Probe  
  29  2:38  Assimilator  
  29  2:43  Adept  
  32  2:53  Probe  
  32  2:54  Pylon  
  33  3:02  Probe  
  33  3:04  Gateway  
  34  3:10  Probe  
  35  3:13  Adept  
  35  3:17  Probe  
  35  3:18  Adept  
  40  3:22  Probe  
  41  3:29  Probe  
  42  3:34  Probe  
  43  3:41  Probe  
  43  3:43  Adept  
  43  3:47  Probe  
  47  3:48  Adept  
  47  3:51  Adept  
  47  3:53  Probe  
  47  3:54  Pylon  
  52  3:59  Probe  
  52  4:00  Pylon  
  53  4:04  Probe  
  54  4:11  Probe  
  54  4:12  Probe  
  56  4:20  Twilight Council, Adept  
  56  4:21  Probe  
  56  4:23  Probe  
  59  4:26  Stalker  
  59  4:28  Pylon, Stalker  
  64  4:32  Probe  
  64  4:35  Probe  
  66  4:40  Stalker  
  66  4:44  Probe  
  63  4:46  Stalker  
  63  4:49  Stalker  
  55  5:00  Gateway  
  55  5:03  Adept  
  55  5:04  Adept  
  57  5:12  Adept  
  46  5:23  Adept  
Show
View Real Time Build Order
Export as new Build Order

Doll Zerg - Winner!

Build Orders: Pool First 

Get SALT Encoding   

  12  0:00  Drone  
  13  0:13  Overlord  
  13  0:16  Drone  
  14  0:32  Drone x2  
  16  0:36  Drone  
  17  0:46  Spawning Pool  
  17  0:49  Extractor  
  15  0:51  Drone  
  16  0:57  Drone  
  17  1:08  Drone  
  18  1:19  Drone  
  19  1:29  Overlord  
  19  1:34  Roach Warren  
  19  1:35  Queen  
  20  1:41  Drone  
  21  1:50  Overlord  
  21  2:03  Spine Crawler  
  21  2:04  Drone  
  21  2:14  Queen, Roach  
  27  2:23  Roach  
  27  2:33  Roach  
  29  2:42  Overlord  
  29  2:43  Roach x2  
  33  2:47  Roach  
  35  2:56  Roach  
  37  3:14  Roach  
  37  3:15  Hatchery  
  40  3:20  Roach  
  40  3:25  Roach  
  42  3:31  Drone  
  43  3:34  Roach  
  45  3:41  Overlord  
  45  3:47  Zergling x2  
  46  3:58  Lair  
  46  4:01  Zergling x2  
  47  4:03  Zergling x2  
  48  4:21  Drone  
  48  4:22  Drone x3  
  52  4:30  Drone  
  53  4:32  Queen  
  53  4:37  Drone  
  55  4:40  Drone  
  55  4:42  Drone  
  55  4:46  Overlord  
  55  4:50  Drone  
  56  4:56  Drone  
  56  4:57  Drone  
  58  5:08  Drone x2  
  58  5:12  Drone x2  
  58  5:13  Drone x2  
Tags
 
Add a new tag
Caveats
  • Supply blocks, unpowered buildings, or Contaminate may cause inaccurate times.
  • Supply counts are checked every 10 seconds.